 Dungeon Crawl Stone Soup version 0.28-a0-175-gb2089b6bb7 (webtiles) character file.

Game seed: 15995828302030544406

165 technosentience the Chopper (level 5, -1/47 HPs)
             Began as a Hill Orc Fighter on Aug 17, 2021.
             Succumbed to a kobold brigand's curare-tipped dart
             ... in a sewer.
             The game lasted 00:11:52 (2408 turns).

technosentience the Chopper (Hill Orc Fighter)      Turns: 2408, Time: 00:11:53

Health: -1/47      AC:  7    Str: 20    XL:     5   Next: 46%
Magic:  5/5        EV:  7    Int:  8    God:
Gold:   54         SH:  8    Dex: 10    Spells: 4/4 levels left

rFire   . . .      SeeInvis .   a - +0 war axe
rCold   . . .      Faith    .   c - +0 kite shield
rNeg    . . .      Spirit   .   b - +0 scale mail
rPois   .          Reflect  .   (no helmet)
rElec   .          Harm     .   (no cloak)
rCorr   .          Rampage  .   (no gloves)
Will    +....                   (no boots)
Stlth   ..........              (no amulet)
HPRegen 0.15/turn               l - ring of willpower
MPRegen 0.09/turn               (no ring)

@: mighty, lethally poisoned (-1 -> -11), flying, slowed, very slow
A: no striking features
a: no special abilities


You were in a sewer.
You visited 1 branch of the dungeon, and saw 3 of its levels.
You also visited: Sewer.

You collected 54 gold pieces.

Inventory:

Hand Weapons
 a - a +0 war axe (weapon)
Missiles
 h - 6 boomerangs (quivered)
Armour
 b - a +0 scale mail (worn)
 c - a +0 kite shield (worn)
Jewellery
 f - an amulet of magic regeneration
 l - a ring of willpower (left hand)
Scrolls
 g - a scroll of teleportation {unknown}
 j - a scroll of identify
 k - a scroll of vulnerability {unknown}
 m - a scroll of blinking {unknown}


   Skills:
 + Level 4.4 Fighting
 + Level 5.1 Axes
 + Level 0.1 Throwing
 + Level 3.9 Armour
 - Level 0.4 Dodging
 + Level 4.1 Shields


You had 4 spell levels left.
You didn't know any spells.
Your spell library contained the following spells:

 Spells                   Type           Power      Damage    Failure   Level
 Gell's Gravitas          Tloc           0%         N/A       100%        3
 Lesser Beckoning         Tloc           0%         N/A       100%        3
 Teleport Other           Tloc           0%         N/A       100%        3


Dungeon Overview and Level Annotations

Branches:
Dungeon (3/15)              Sewer (1/1)

Altars:
Elyvilon

Shops:
D:1 :


Message History

Throw: 6 boomerangs
Press: ? - help, Q - select action Shift-Dir - straight line, f - rat
Aim: a rat (57% to hit)
You throw a boomerang. The boomerang hits the rat.
You kill the rat!
The kobold brigand throws a curare-tipped dart.
The curare-tipped dart hits you.
You are poisoned.
You have difficulty breathing.
You feel yourself slow down.
Throw: 6 boomerangs
Press: ? - help, Q - select action Shift-Dir - straight line, f - kobold brigand
Aim: a kobold brigand, wielding a +0 dagger and quivering curare-tipped darts (50% to hit)
Okay, then.
You enter the shallow water.
Moving in this stuff is going to be slow.
You feel very sick.
The kobold brigand throws a curare-tipped dart.
The curare-tipped dart hits you.
You are lethally poisoned!
You have difficulty breathing.
* * * LOW HITPOINT WARNING * * *
You feel as though you will be slow longer.
The kobold brigand throws a curare-tipped dart.
You block the curare-tipped dart.
It was a potion of flight.
You feel very buoyant.
You fly up into the air.
* * * LOW HITPOINT WARNING * * *
You feel extremely sick.
Unknown command.
As you read the scroll labelled TOSTRI NIGRI, it crumbles to dust.
It is a scroll of identify.
e - a scroll of fear
* * * LOW HITPOINT WARNING * * *
You feel very sick.
The kobold brigand hits you but does no damage.
The kobold brigand closely misses you.
As you read the scroll of fear, it crumbles to dust.
You assume a fearsome visage.
The kobold brigand looks frightened!
You die...

#####
#? .#.
.#
#.#.#
#≈ †#≈
≈#
#≈#≈#
#≈ ≈#≈
≈#
#≈#≈#
≈#≈ ≈#≈
#≈#≈#
≈≈. ≈≈≈
#≈K@#
#≈# #≈#
##.##
≈# #≈#
#)# #≈#
.#
#.###.#
#≈###≈#
#≈≈≈≈≈#
#≈.≈≈.#
##≈≈≈##
##≈≈≈##
#.≈.#
#.≈≈#
#≈≈.#
#.≈≈#
#.≈.##
##.≈.#


You could see a kobold brigand (fleeing).

Vanquished Creatures
  A kobold brigand (Sewer)
  2 adders
  A dart slug (D:2)
  4 orcs (D:3)
  4 bats
  10 endoplasms
  A giant cockroach (D:1)
  7 goblins
  2 hobgoblins
  4 jackals (D:3)
  3 quokkas
  11 ball pythons
  4 frilled lizards
  4 kobolds
  8 rats
66 creatures vanquished.

Notes
Turn   | Place    | Note
-------+----------+-------------------------------------------
     0 | D:1      | technosentience the Hill Orc Fighter began the quest for
                  | the Orb.
     0 | D:1      | Reached XP level 1. HP: 19/19 MP: 1/1
   265 | D:1      | Found Onotuc's Book Shoppe.
   279 | D:1      | Reached XP level 2. HP: 27/27 MP: 2/2
   653 | D:1      | Reached skill level 3 in Axes
   695 | D:1      | Found a faded altar of an unknown god.
  1108 | D:2      | Reached XP level 3. HP: 21/33 MP: 3/3
  1467 | D:2      | Found a white marble altar of Elyvilon.
  1516 | D:2      | Reached skill level 4 in Axes
  1668 | D:2      | Reached XP level 4. HP: 40/40 MP: 4/4
  2322 | D:3      | Found a glowing drain.
  2337 | Sewer    | Entered a sewer
  2357 | Sewer    | Noticed a kobold brigand
  2376 | Sewer    | Killed a kobold brigand
  2377 | Sewer    | Reached skill level 5 in Axes
  2377 | Sewer    | Reached XP level 5. HP: 27/47 MP: 5/5
  2401 | Sewer    | Noticed a kobold brigand
  2407 | Sewer    | HP: 2/47 [poisoned by a kobold brigand (curare-tipped
                  | dart)]
  2408 | Sewer    | Succumbed to a kobold brigand's curare-tipped dart

Illustrated notes

Levels and vault maps discovered:
D:1:      nzn_arrival_crosshair, layout_basic, basic_ecumenical_altar,
          serial_shops, shop_statue
D:2:      layout_loops_ring, basic_altar, minmay_misc_feat_square, st_stairs_11,
          ebering_dispersal_statue_hall
D:3:      layout_rooms, portal_sewer_entry_b, serial_shops, nicolae_shop_stone
Sewer:    sewer_co_tree

Skill      XL: |  1  2  3  4 |
---------------+-------------+-----
Fighting       | 4 |  4.4
Axes           | 3 4 5 |  5.1
Shields        | 4 |  4.1
Throwing       | |  0.1
Armour         | |  3.9
Dodging        | |  0.4

Action                   |  1- 3 |  4- 6 || total
-------------------------+-------+-------++-------
Melee: War axe           |   143 |    69 ||   212
Throw: Boomerang         |       |     6 ||     6
  Use: Potion            |       |     2 ||     2
       Scroll            |       |     2 ||     2
Armor: Scale mail        |    74 |    37 ||   111
Dodge: Dodged            |    44 |    17 ||    61
Block: Kite shield       |    60 |    32 ||    92

Table legend: (Time is in decaauts)
 A = Elapsed time spent in this place.
 B = Non-inter-level travel time spent in this place.
 C = Inter-level travel time spent in this place.
 D = Time resting spent in this place.
 E = Time spent auto-exploring this place.
 F = Levels seen in this place.
 G = Mean time per level.
                   A        B        C        D        E       F      G
               +--------+--------+--------+--------+--------+-----+--------+
         Total |   2543 |   2458 |     85 |      0 |   1845 |   4 |  635.8 |
       Dungeon |   2450 |   2365 |     85 |      0 |   1823 |   3 |  816.7 |
         Sewer |     93 |     93 |      0 |      0 |     22 |   1 |   93.0 |
               +--------+--------+--------+--------+--------+-----+--------+

Top non-repeatable levels by time:
     D:1: 1345 daAuts
     D:2: 799 daAuts
     D:3: 305 daAuts
   Sewer: 93 daAuts
